 Dungeon Crawl Stone Soup version 0.26.0-10-g1f06aea511 (webtiles) character file.

Game seed: 8469489677311766076

19 Borgoz the Ruffian (level 2, -1/25 HPs)
             Began as a Ghoul Gladiator on Jan 15, 2021.
             Killed from afar by a white imp (2 damage)
             ... with a puff of frost
             ... on level 1 of the Dungeon.
             The game lasted 00:01:01 (904 turns).

Borgoz the Ruffian (Ghoul Gladiator)                 Turns: 904, Time: 00:01:02

Health: -1/25      AC:  9    Str: 17    XL:     2   Next: 75%
Magic:  1/1        EV: 11    Int:  3    God:
Gold:   90         SH:  0    Dex: 10    Spells: 1/1 levels left

rFire    + . .     SeeInvis .     - Unarmed
rCold    + . .     Faith    .   (no shield)
rNeg     + + +     Spirit   .   f - +0 ring mail
rPois    ∞         Reflect  .   b - +0 helmet
rElec    .         Harm     .   a - +1 cloak
rCorr    .         Rampage  .   (no gloves)
Will     .....                  k - +0 pair of boots
Stlth    ..........             (no amulet)
HPRegen  0.00/turn              h - ring of protection from fire
MPRegen  0.07/turn              (no ring)

@: no status effects
A: claws 1, cold resistance 1, negative energy resistance 3, inhibited
regeneration, torment resistance, unbreathing
a: no special abilities


You were on level 1 of the Dungeon.
You visited 1 branch of the dungeon, and saw 2 of its levels.

You collected 90 gold pieces.

Inventory:

Missiles
 c - a throwing net (quivered)
Armour
 a - a +1 cloak (worn)
 b - a +0 helmet (worn)
 f - a +0 ring mail (worn)
 k - a +0 pair of boots (worn)
Jewellery
 h - a ring of protection from fire (left claw)
Scrolls
 d - a scroll of amnesia {unknown}
 e - 3 scrolls of teleportation {unknown}
 g - 2 scrolls of remove curse {unknown}
 j - a scroll of identify {unknown}


   Skills:
 + Level 2.6 Fighting
 - Level 1.7 Throwing
 + Level 0.8 Armour
 + Level 2.9 Dodging
 + Level 3.5 Unarmed Combat


You had one spell level left.
You didn't know any spells.
Your spell library was empty.

Dungeon Overview and Level Annotations

Branches:
Dungeon (2/15)

Altars:

Annotations:
D:1 Jessica


Innate Abilities, Weirdness & Mutations

You thrive by killing the living.
You are immune to poison.
You have sharp fingernails.
Your flesh is cold resistant. (rC+)
You are immune to negative energy. (rN+++)
You do not regenerate when monsters are visible.
You are immune to unholy pain and torment.
You can survive without breathing.


Message History

Aim: Jessica, wearing a cursed +0 robe (fast)
You throw a throwing net. The throwing net hits Jessica.
Jessica is caught in the net!
Jessica struggles against the net.
The white imp gestures at you. The puff of frost hits you. You resist.
* * * LOW HITPOINT WARNING * * *
Jessica casts a spell.
Jessica blinks!
The white imp gestures at you. The puff of frost hits you. You resist.
* * * LOW HITPOINT WARNING * * *
You see here a throwing net.
You completely miss Jessica. Jessica hits you but does no damage. x2
You scratch Jessica.
Jessica is moderately wounded.
Jessica barely misses you. The white imp gestures at you.
The puff of frost hits you. You resist.
You die...

#..................####...#.#.###
#....(.............# #...#.#...#
#.......####.......####.....###.#
8.......# #.......+..........#.#
........# #.......####.#.###.#.#
.##.#.### ##.......#.....# #.#.#
###.#.# #...>...#.###.# #.#.#
#.#.# #..)5...#.....# #.#.# #.#.#
#...@@..#########.#.. ###.#.#
#)......##..........# ....#.#
#.......##..........# #####.#
#.......##...÷.)....' #.#
#........(..........# #.#
#...................# #####.#
#####........######## ......#####
#........# ..........#
#........####


You could see a white imp and Jessica (fast).

Vanquished Creatures
  A giant cockroach (D:1)
  3 goblins (D:1)
  5 hobgoblins (D:1)
  2 kobolds (D:1)
  2 bats (D:1)
  2 frilled lizards (D:1)
  A rat (D:1)
16 creatures vanquished.

Notes
Turn   | Place    | Note
-------+----------+-------------------------------------------
     0 | D:1      | Borgoz the Ghoul Gladiator began the quest for the Orb.
     0 | D:1      | Reached XP level 1. HP: 17/17 MP: 0/0
   142 | D:1      | Reached XP level 2. HP: 16/25 MP: 1/1
   878 | D:2      | Noticed Jessica
   902 | D:1      | HP: 1/25 [white imp/puff of frost (1)]
   904 | D:1      | Killed from afar by a white imp

Illustrated notes

Levels and vault maps discovered:
D:1:      psy_arrival_basics, layout_basic, roderic_serpentine_path,
          minmay_tromino_mix6
D:2:      layout_rooms, lemuel_doored_altar, vehumet_crystals,
          chequers_ecumenical_altar_island, uniq_jessica

Action                   || total
-------------------------++-------
Melee: Unarmed           ||    45
Throw: Throwing net      ||     2
  Use: Potion            ||     1
Armor: Leather armour    ||     3
       Ring mail         ||    18
Dodge: Dodged            ||    26
